 Dungeon Crawl Stone Soup version 0.31.0-12-g77e489cdc1 (webtiles) character file.

Game seed: 6363197865326736290

6883 Gadfly the Basher (level 11, -9/126 HPs)
             Began as an Oni Berserker on Feb 23, 2024.
             Was a High Priest of Trog.
             Killed from afar by a hellephant (60 damage)
             ... with a blast of flame
             ... on level 2 of the Abyss.
             The game lasted 00:13:16 (7237 turns).

Gadfly the Basher (Oni Berserker)                   Turns: 7237, Time: 00:13:16

Health: -9/126     AC:  8    Str: 25    XL:     11   Next: 6%
Magic:  12/12      EV: 10    Int:  8    God:    Trog [*****.]
Gold:   461        SH:  0    Dex: 10    Spells: 10/10 levels left

rFire   . . .        a - +3 flail (protect)
rCold   . . .        (no shield)
rNeg    + . .        c - +1 animal skin
rPois   .            s - +2 hat
rElec   .            j - +0 cloak
rCorr   .            (gloves unavailable)
SInv    .            (boots unavailable)
Will    ++...        e - amulet of regeneration
Stlth   +            i - ring of positive energy
HPRegen 1.21/turn    d - ring of willpower
MPRegen 0.13/turn

%: no passive effects
@: about to teleport, on berserk cooldown, slowed, very slow
A: large, unfitting armour, horns 1, tough skin 1, double potion healing,
drunken brawling, high MP 1, robust 1
a: Renounce Religion, Berserk, Trog's Hand, Brothers in Arms


You were on level 2 of the Abyss.
You worshipped Trog.
Trog was extremely pleased with you.
You visited 1 branch of the dungeon, and saw 7 of its levels.
You visited the Abyss 1 time.
You also visited: Sewer.

You collected 461 gold pieces.

Inventory:

Hand Weapons
 a - a +3 flail of protection (weapon)
 b - a +0 mace of draining
 l - a +1 whip of freezing
 n - a +0 dire flail
 q - a +5 dagger of venom
 y - a +4 mace
Armour
 c - a +1 animal skin (worn)
 j - a +0 cloak (worn)
 s - a +2 hat (worn)
Jewellery
 d - a ring of willpower (right hand)
 e - an amulet of regeneration (around neck)
 h - a ring of positive energy
 i - a ring of positive energy (left hand)
 r - an amulet of the acrobat
Wands
 f - a wand of flame (15) (quivered)
 k - a wand of iceblast (2)
 u - a wand of paralysis (6)
Scrolls
 g - 3 scrolls of enchant armour
 m - 3 scrolls of identify
 o - a scroll of revelation
 p - 3 scrolls of teleportation
 t - a scroll of silence
 v - a scroll of poison
Potions
 w - a potion of haste
 x - a potion of attraction
 z - 2 potions of heal wounds
 A - a potion of cancellation {unknown}


   Skills:
 + Level 9.3 Fighting
 * Level 9.5 Maces & Flails
 * Level 8.0 Armour
 - Level 2.6 Dodging
 * Level 7.4 Evocations


You had 10 spell levels left.
You didn't know any spells.
Your spell library was empty.

Dungeon Overview and Level Annotations

Branches:
Dungeon (7/15)             Temple (0/1) D:6           Sewer (visited)

Altars:
Cheibriados
Elyvilon
Qazlal
Ru
Wu Jian

Shops:
D:2 [   D:4 *


Innate Abilities, Weirdness & Mutations

You are too large for most types of armour.
You have a pair of small horns on your head.
You have tough skin. (AC +1)
You gain doubled healing and magic from potions.
Whenever you drink a healing potion, you attack all around you.
You have an increased reservoir of magic. (+10% MP)
You are robust. (+10% HP)


Message History

The living lightning hits you!
The raiju blinks!
The raiju bursts into living lightning!
The living lightning hits you!
The raiju blinks!
Unknown command.
The raiju bursts into living lightning!
The living lightning misses you.
The raiju blinks!
A red film seems to cover your vision as you go berserk!
You feel yourself moving faster!
You feel mighty! The raiju barely misses you.
You closely miss the raiju. Your headbutt misses the raiju.
The raiju bites you but does no damage.
You sock the raiju!
Your weapon exudes an aura of protection.
You headbutt the raiju.
The raiju is moderately wounded.
You bludgeon the raiju!! Your headbutt misses the raiju.
The raiju is almost dead.
The raiju bites you. The raiju shocks you!
You bludgeon the raiju!!
You kill the raiju!
Trog accepts your kill.
Your Armour skill increases to level 8!
You feel a strong urge to attack something.
You are no longer berserk.
You are exhausted.
You feel yourself slow down.
You start resting.
A hellephant is nearby!
Okay, then.
As you read the scroll of teleportation, it crumbles to dust.
You feel strangely unstable.
You feel the power of the Abyss delaying your translocation!
The hellephant tramples you!
You hold your ground!
The hellephant bites you! The hellephant gores you.
The hellephant barely misses you. The hellephant bites you.
The hellephant gores you but does no damage.
The hellephant barely misses you. The hellephant bites you.
The hellephant gores you but does no damage.
The hellephant breathes flames at you. The blast of flame hits you!!!
You die...

...# #...#
...##
#†#.###.#. #
...Y..§.....
## ###...##
.#.###
...#.... # .$
#...##.####
## #.
#...###.. #
.# ###.#Y#
##.
#..@.##....##
##.#...# .#
..####~~..##
. # ...# #
~#≈#~.. ..
#.#. #~#
#.#.♣~ .. . #
. ......# .#.
.. ....... .
.. ### . .. #
. . .#. ...


You could see a hellephant (catching breath).

Vanquished Creatures
  The ghost of hawla the Protected, a novice MiFi (D:7)
  Pikel (D:6)
  2 raiju (Abyss:2)
  A wraith (D:7)
  Edmund (D:6)
  3 water moccasins (D:7)
  3 orc warriors
  Duvessa (D:6)
  2 ice beasts
  2 black bears (D:7)
  4 centaurs
  The ghost of Gadfly the Ducker, an amateur DsMo (D:3)
  7 phantoms
  9 kobold brigands
  2 lemures (D:6)
  Blork the orc (D:5)
  7 scorpions
  5 wights (D:7)
  5 killer bees (D:7)
  Dowan (D:6)
  2 centaur zombies (D:7)
  5 hounds
  6 orc priests
  2 jellies
  2 bombardier beetles
  5 sleepcaps
  Ijyb (D:4)
  Terence (D:3)
  3 iguanas
  4 scorpion zombies (D:7)
  8 orc wizards
  4 killer bee zombies (D:7)
  8 gnolls
  13 adders
  3 river rats (Sewer)
  9 shadow imps (D:7)
  A white imp (D:7)
  6 dart slugs
  5 ribbon worms
  22 orcs
  9 endoplasms
  2 giant cockroaches (D:3)
  6 goblins
  7 hobgoblins
  7 jackals
  5 quokkas
  13 ball pythons
  5 bats
  3 frilled lizards
  7 kobolds
  5 rats
238 creatures vanquished.

Vanquished Creatures (collateral kills)
  A hound (D:7)
  A killer bee zombie (D:7)
2 creatures vanquished.

Vanquished Creatures (others)
  A butterfly (D:5)
1 creature vanquished.

Grand Total: 241 creatures vanquished

Notes
Turn   | Place    | Note
-------+----------+-------------------------------------------
     0 | D:1      | Gadfly the Oni Berserker began the quest for the Orb.
     0 | D:1      | Reached XP level 1. HP: 24/24 MP: 1/1
   381 | D:1      | Reached XP level 2. HP: 32/32 MP: 2/2
   905 | D:2      | Reached skill level 1 in Evocations
   925 | D:2      | Reached skill level 1 in Armour
   925 | D:2      | Reached XP level 3. HP: 22/39 MP: 3/3
  1198 | D:2      | Reached ** piety under Trog
  1379 | D:2      | Reached XP level 4. HP: 45/49 MP: 4/4
  1635 | D:2      | Found Ymamamne's Antique Armour Boutique.
  1750 | D:3      | Found a snail-covered altar of Cheibriados.
  1775 | D:3      | Reached XP level 5. HP: 40/55 MP: 5/5
  1961 | D:3      | Noticed Terence
  1974 | D:3      | Killed Terence
  2004 | D:3      | Found a stormy altar of Qazlal.
  2075 | D:3      | Found a glowing drain.
  2109 | Sewer    | Entered a sewer
  2186 | Sewer    | Noticed a kobold brigand
  2197 | Sewer    | Killed a kobold brigand
  2198 | Sewer    | Reached skill level 5 in Fighting
  2198 | Sewer    | Reached XP level 6. HP: 46/66 MP: 6/6
  2199 | Sewer    | Reached *** piety under Trog
  2348 | Sewer    | HP: 3/66 [kobold brigand/+0 whip (3)]
  2351 | Sewer    | HP: 1/66 [kobold brigand/+0 whip (3)]
  2355 | Sewer    | Reached XP level 7. HP: 9/72 MP: 7/7
  2493 | Sewer    | Gained mutation: You have an increased reservoir of magic.
                  | (+10% MP) [potion of mutation]
  2493 | Sewer    | Gained mutation: You are robust. (+10% HP) [potion of
                  | mutation]
  2533 | D:3      | Found a runed translucent door.
  2533 | D:3      | Noticed Gadfly's ghost (amateur DsMo)
  2654 | D:3      | Found a sacrificial altar of Ru.
  2812 | D:3      | Killed Gadfly's ghost
  2813 | D:3      | Reached skill level 5 in Maces & Flails
  3003 | D:4      | Found Deos's Neck Hole.
  3091 | D:4      | Found an ornate altar of the Wu Jian Council.
  3111 | D:4      | Noticed Ijyb
  3125 | D:4      | Killed Ijyb
  3457 | D:4      | Reached XP level 8. HP: 77/91 MP: 8/8
  3774 | D:5      | Entered Level 5 of the Dungeon
  4174 | D:5      | Reached **** piety under Trog
  4419 | D:5      | Reached skill level 5 in Armour
  4556 | D:5      | Found a white marble altar of Elyvilon.
  4681 | D:6      | Noticed Blork the orc
  4715 | D:5      | Killed Blork the orc
  4716 | D:5      | Reached XP level 9. HP: 57/101 MP: 9/9
  4916 | D:6      | Reached skill level 5 in Evocations
  4986 | D:6      | Noticed Edmund
  5002 | D:6      | Killed Edmund
  5155 | D:6      | Found a staircase to the Ecumenical Temple.
  5161 | D:6      | Noticed Dowan
  5162 | D:6      | Noticed Duvessa
  5171 | D:6      | Killed Dowan
  5176 | D:6      | Killed Duvessa
  5411 | D:6      | Noticed Pikel
  5432 | D:6      | Killed Pikel
  5782 | D:7      | Reached XP level 10. HP: 91/114 MP: 11/11
  5973 | D:7      | Found a runed translucent gate.
  5973 | D:7      | Found a runed translucent gate.
  5975 | D:7      | Found a runed translucent gate.
  5976 | D:7      | Noticed hawla's ghost (novice MiFi)
  6068 | D:7      | Reached ***** piety under Trog
  7068 | D:7      | Killed hawla's ghost
  7074 | D:7      | Reached XP level 11. HP: 76/126 MP: 12/12
  7078 | Abyss:1  | Found a corrupted altar of Lugonu.
  7078 | Abyss:1  | Cast into level 1 of the Abyss (kobold brigand)
  7166 | Abyss:1  | Noticed a starcursed mass
  7217 | Abyss:2  | Noticed a hellephant
  7237 | Abyss:2  | Killed from afar by a hellephant

Illustrated notes

Levels and vault maps discovered:
D:1:      orjb1_lava_funnel, layout_basic
D:2:      layout_loops_ring, serial_shops, shop
D:3:      minmay_angry_zag, layout_rooms, mainiacjoe_overflow_alcove_4,
          mainiacjoe_overflow_surrounded_room, old_standard_altar,
          gup_sewer_entry_glass, hellmonk_ghost_happy_afterlife, uniq_terence
D:4:      layout_rooms, nicolae_wu_jian_wuxing_cycle, minmay_misc_feat_ornament,
          nicolae_shop_sticking_my_neck_out, uniq_ijyb
D:5:      layout_rooms, nicolae_elyvilon_peaceful_grove
D:6:      minmay_general_purpose_star, layout_loops_ring,
          minmay_temple_entry_junction_2, uniq_blork_the_orc, uniq_pikel,
          uniq_duvessa, uniq_edmund
D:7:      bobbens_index_wilting_gardens, layout_loops_cross,
          gammafunk_ghost_nasty_kobolds
Abyss:2:  base: D:6, hangedman_abyss_stitches_cave

Skill      XL: |  1  2  3  4  5  6  7  8  9 10 11 |
---------------+----------------------------------+-----
Evocations     | 1 2 3 4 6 7 |  7.4
Armour         | 1 2 3 4 5 6 7 8 |  8.0
Maces & Flails | 4 5 6 8 9 |  9.5
Fighting       | 5 6 8 9 |  9.3
Dodging        | |  2.6

Action                     |  1- 3 |  4- 6 |  7- 9 | 10-12 || total
---------------------------+-------+-------+-------+-------++-------
  Melee: Mace              |    87 |   157 |    89 |       ||   333
         Headbutt          |    11 |    18 |    84 |    65 ||   178
         Punch             |     1 |     2 |    10 |     3 ||    16
         Dagger            |       |       |   129 |       ||   129
         Dire flail        |       |       |     6 |       ||     6
         Spear             |       |       |    32 |       ||    32
         Flail             |       |       |   153 |   309 ||   462
 Invoke: Trog's Hand       |       |     1 |       |       ||     1
         Berserk           |       |       |     1 |     2 ||     3
    Use: Potion            |       |     4 |     4 |       ||     8
         Scroll            |       |       |    12 |     4 ||    16
 Armour: Animal skin       |    54 |   149 |   389 |   273 ||   865
  Dodge: Dodged            |    49 |   119 |   249 |   166 ||   583
